 Dungeon Crawl Stone Soup version 0.20-a0-772-g73021bd (webtiles) character file.

3229 Iskender the Spear-Bearer (level 9, -5/59 HPs)
             Began as a Barachian Wanderer on Feb 27, 2017.
             Was an Elder of Cheibriados.
             Killed from afar by asdguy00's ghost (44 damage)
             ... with a bolt of negative energy
             ... on level 6 of the Dungeon.
             The game lasted 01:21:35 (9060 turns).

Iskender the Spear-Bearer (Barachian Wanderer)      Turns: 9060, Time: 01:21:35

Health: -5/59      AC:  8    Str: 23    XL:     9   Next: 98%
Magic:  13/13      EV: 14    Int: 19    God:    Cheibriados [****..]
Gold:   280        SH:  0    Dex: 26    Spells: 6/14 levels left

rFire    . . .     SeeInvis .   a - +1 trident
rCold    . . .     Gourm    .   r - +0 ring mail
rNeg     . . .     Faith    .   (no shield)
rPois    .         Spirit   .   E - +1 helmet
rElec    .         Reflect  .   R - +0 cloak
rCorr    .         Harm     +   (no gloves)
MR       .....                  (no boots)
Stlth    +++.......             O - amulet of harm
Regen    0.2/turn               h - ring of stealth
MPRegen  0.2/turn               D - +4 ring of evasion

@: drained, very slow
A: +LOS, swims, slowness 1, strong legs 1
a: Hop, Bend Time, Temporal Distortion, Slouch, Renounce Religion


You were on level 6 of the Dungeon.
You worshipped Cheibriados.
Cheibriados was greatly pleased with you.
You were not hungry.

You visited 2 branches of the dungeon, and saw 9 of its levels.

You collected 418 gold pieces.
You spent 138 gold pieces at shops.

Inventory:

Hand Weapons
 a - a +1 trident (weapon)
 b - a +0 shortbow
 v - a +0 blowgun
Missiles
 j - a throwing net {!f}
 n - 158 stones (quivered)
 y - 43 bolts
 z - 4 curare-tipped needles
 I - 50 arrows
Armour
 d - a +3 chain mail
 e - a +2 chain mail of fire resistance
 r - a +0 ring mail (worn)
 x - a +0 leather armour
 E - a +1 helmet (worn)
 R - a +0 cloak (worn)
Jewellery
 f - an uncursed ring of fire
 h - a ring of stealth (right hand)
 l - an uncursed ring of flight
 u - an uncursed ring of fire
 C - an uncursed ring of resist corrosion
 D - a +4 ring of evasion (left hand)
 O - an amulet of harm (around neck)
Wands
 q - a wand of lightning (0/15)
 B - a wand of paralysis (9/24)
 Y - a wand of lightning (8/15)
Scrolls
 c - 3 scrolls of remove curse
 g - 2 scrolls of teleportation
 k - a scroll of enchant weapon
 m - a scroll of identify
 p - a scroll of magic mapping {unknown}
 t - a scroll of summoning {unknown}
 w - a scroll of recharging
 G - 2 scrolls of enchant armour
 H - a scroll of fog
 K - a scroll of fear
 U - 2 scrolls of amnesia {unknown}
 V - a scroll of brand weapon {unknown}
 W - a scroll of immolation
Potions
 i - a potion of flight
 A - 3 potions of agility
 F - 2 potions of brilliance
 P - a potion of resistance
 T - a potion of heal wounds {unknown}
 X - a potion of haste {unknown}
Books
 o - a book of Necromancy

   Spells                             Type                      Level
   a - Pain                           Necromancy                   1
   b - Animate Skeleton               Necromancy                   1
   c - Vampiric Draining              Necromancy                   3
   d - Regeneration                   Charms/Necromancy            3
   e - Animate Dead                   Necromancy                   4
   f - Control Undead                 Necromancy                   4
 L - a book of Misfortune

   Spells                             Type                      Level
   a - Confusing Touch                Hexes                        1
   b - Confuse                        Hexes                        3
   c - Gell's Gravitas                Translocation                3
   d - Petrify                        Transmutation/Earth          4
   e - Metabolic Englaciation         Hexes/Ice                    5
   f - Yara's Violent Unravelling     Hexes/Transmutation          5
 Z - a Young Poisoner's Handbook

   Spells                             Type                      Level
   a - Sting                          Conjuration/Poison           1
   b - Poisonous Vapours              Poison/Air                   2
   c - Mephitic Cloud                 Conjuration/Poison/Air       3
   d - Olgreb's Toxic Radiance        Poison                       4
   e - Venom Bolt                     Conjuration/Poison           5
Comestibles
 s - 2 bread rations
 J - a meat ration
 M - 4 fruits


   Skills:
 - Level 1.2(0.6) Fighting
   Level 1.1(0.4) Short Blades
 - Level 11.7(10.9) Polearms
 - Level 1.1(0.4) Dodging
 - Level 2.9(2.2) Stealth
   Level 1.1(0.4) Shields
 - Level 3.0(2.3) Spellcasting
 + Level 0.1(0.0) Necromancy
 - Level 2.2(1.6) Transmutations
 - Level 3.0(2.3) Earth Magic
 - Level 3.8(3.2) Invocations
 - Level 1.1(0.4) Evocations


You had 6 spell levels left.
You knew the following spells:

 Your Spells              Type           Power        Failure   Level  Hunger
a - Sandblast             Erth           ##....       12%         1    #......
c - Regeneration          Chrm/Necr      #.........   80%         3    ###....
i - Corpse Rot            Necr           N/A          38%         2    ##.....
W - Passwall              Tmut/Erth      #.........   17%         2    ##.....


Dungeon Overview and Level Annotations

Branches:
Dungeon (8/15)             Temple (1/1) D:7
   Lair: D:8-11

Altars:
Ashenzari
Cheibriados
Dithmenos
Elyvilon
Fedhas
Gozag
Hepliaklqana
Kikubaaqudgha
Makhleb
Nemelex Xobeh
Okawaru
Qazlal
Ru
Sif Muna
Trog
Uskayaw
Vehumet
Wu Jian
Xom
Yredelemnul
Zin
The Shining One

Shops:
D:6 (:*([   D:8 =

Annotations:
D:5 Pikel
D:6 asdguy00's ghost, novice DrFE


Innate Abilities, Weirdness & Mutations

Shadows flee at your approach. (+LOS)
You can swim through water.
You cover ground slowly.
You can hop short distances.


Message History

Confirm with . or Enter, or press ? or * to list all spells.
Okay, then.
There is a stone staircase leading up here.
You climb upwards.
There is a stone staircase leading down here.
Search for what [Enter for "$<240", or ? for help]? book Search for what [Enter for "book", or ? for help]? blink
There is a stone staircase leading up here.
You climb upwards.
Level annotation: asdguy00's ghost, novice DrFE Asdguy00's ghost is too close now for your liking.
There is a stone staircase leading down here.
Asdguy00's ghost turns its malevolent gaze towards you.
Asdguy00's ghost casts a spell at you. The flame tongue hits you!
Asdguy00's ghost breathes negative energy at you.
The bolt of negative energy hits you!
You feel drained.
Ouch! That really hurt!
You die...

#.#####..##.#.##..##...
##.## #..##)#.##.......
#...# #..##.#.##..∩....
###...####..##.#.#####....
#.......##..##.#.# #....
#.........W.##.#.# #....
#.......>.#.##...#####....
###...###.#.##............
#...# #@..........##..##
##.######.###..##.##..#
#.?...........##.##.♣##
#.######.....###.##....
#.# #########.##♣∩♣# #.#
#.......# #.#####
#.###.#♣# ###.....#
#.....# #...###.# ####..#


You could see asdguy00's ghost.

Vanquished Creatures
  A two-headed ogre (D:8)
  A hippogriff (D:7)
  Edmund (D:3)
  2 sky beasts
  3 slaves (D:5)
  A black bear (D:7)
  3 ice beasts
  A phantom (D:6)
  A centaur (D:5)
  A crocodile (D:7)
  A big kobold (D:8)
  2 bullfrogs (D:8)
  3 scorpions
  A howler monkey (D:5)
  2 wights (D:7)
  3 crimson imps
  A centaur zombie (D:8)
  3 hounds
  A bullfrog zombie (D:5)
  A jelly (D:5)
  3 orc priests
  6 orc wizards
  3 iguanas
  Crazy Yiuf (D:5)
  2 worker ants
  2 hound skeletons
  A worker ant zombie (D:6)
  A howler monkey zombie (D:7)
  4 gnolls (D:2)
  11 adders
  3 oozes
  2 adder skeletons
  2 adder zombies
  2 worms
  A dart slug (D:4)
  3 leopard geckos
  29 orcs
  8 giant cockroaches
  12 goblins
  4 hobgoblins
  6 jackals
  10 kobolds
  2 quokkas
  A ball python (D:2)
  9 bats
  8 frilled lizards
  A jackal skeleton (D:4)
  A leopard gecko skeleton (D:4)
  A leopard gecko zombie (D:7)
  A quokka skeleton (D:4)
  4 rats
177 creatures vanquished.

Vanquished Creatures (others)
  A wight (D:7)
  A plant (D:6)
2 creatures vanquished.

Grand Total: 179 creatures vanquished

Notes
Turn   | Place    | Note
-------+----------+-------------------------------------------
     0 | D:1      | Iskender the Barachian Wanderer began the quest for the Orb.
     0 | D:1      | Iskender set off with: a book of Geomancy, the Volume of Unholy Secrets, a potion of lignification, a +0 robe, a +0 dagger, a bread ration
     0 | D:1      | Reached XP level 1. HP: 15/15 MP: 1/1
     4 | D:1      | Identified the Volume of Unholy Secrets
   470 | D:1      | Reached XP level 2. HP: 18/21 MP: 2/2
   610 | D:1      | Learned a level 1 spell: Sandblast
   869 | D:1      | Reached skill level 1 in Spellcasting
  1010 | D:1      | Learned a level 2 spell: Corpse Rot
  1314 | D:2      | Reached XP level 3. HP: 26/26 MP: 2/4
  1778 | D:2      | Reached skill level 1 in Polearms
  2093 | D:2      | Reached XP level 4. HP: 32/32 MP: 5/5
  2111 | D:2      | Reached skill level 2 in Polearms
  2550 | D:2      | Learned a level 2 spell: Passwall
  2619 | D:3      | Reached skill level 1 in Transmutations
  2671 | D:3      | Reached XP level 5. HP: 31/37 MP: 6/6
  2706 | D:3      | Reached skill level 3 in Polearms
  3146 | D:3      | Reached skill level 4 in Polearms
  3512 | D:4      | Found a deep blue altar of Sif Muna.
  3557 | D:4      | Found a snail-covered altar of Cheibriados.
  3567 | D:4      | Found a hazy altar of Hepliaklqana.
  3579 | D:4      | Became a worshipper of Cheibriados the Contemplative
  3612 | D:4      | Noticed Edmund
  3637 | D:5      | Entered Level 5 of the Dungeon
  3647 | D:5      | Reached skill level 1 in Invocations
  3647 | D:5      | Reached XP level 6. HP: 36/43 MP: 7/7
  3669 | D:5      | Found a shimmering altar of Xom.
  3690 | D:5      | Found a white marble altar of Elyvilon.
  3691 | D:5      | Found a sparkling altar of Nemelex Xobeh.
  3838 | D:5      | Noticed an ice beast
  3855 | D:5      | Killed an ice beast
  3855 | D:5      | Reached skill level 5 in Polearms
  3984 | D:5      | Found a glowing silver altar of Zin.
  4063 | D:5      | Found a runed door.
  4067 | D:5      | Noticed Crazy Yiuf
  4072 | D:5      | Killed Crazy Yiuf
  4072 | D:5      | Reached XP level 7. HP: 48/48 MP: 8/8
  4137 | D:5      | Reached skill level 6 in Polearms
  4325 | D:5      | Noticed Pikel
  4462 | D:5      | Found a shimmering altar of Xom.
  4972 | D:4      | Reached * piety under Cheibriados
  5188 | D:6      | Found a burning altar of Makhleb.
  5211 | D:6      | Reached skill level 7 in Polearms
  5245 | D:6      | Found Vesuywk's Assorted Antiques.
  5299 | D:6      | Bought 3 scrolls labeled QYMIRE FAIP for 60 gold pieces
  5302 | D:6      | Bought a scroll labeled HATHRA BO ZAL for 20 gold pieces
  5302 | D:6      | Bought a scroll labeled HAKLUANORA for 20 gold pieces
  5302 | D:6      | Bought a scroll labeled ZYSE VATHUI for 20 gold pieces
  5302 | D:6      | Bought a yellow potion for 18 gold pieces
  5329 | D:6      | Found Leezip's Antique Weapon Shop.
  5333 | D:6      | Reached XP level 8. HP: 49/54 MP: 7/9
  5356 | D:6      | Found Nogi's Armour Boutique.
  5472 | D:6      | Noticed asdguy00's ghost (novice DrFE)
  5494 | D:6      | Reached skill level 8 in Polearms
  5646 | D:6      | Found Soanuh's Weapon Shoppe.
  5725 | D:6      | Found Zieck's Book Emporium.
  5989 | D:6      | Reached ** piety under Cheibriados
  5989 | D:6      | Reached skill level 9 in Polearms
  6336 | D:7      | Noticed a hippogriff
  6343 | D:7      | Killed a hippogriff
  6379 | D:7      | Found a radiant altar of Vehumet.
  6382 | D:7      | Got a scorched chain mail
  6843 | D:7      | Reached skill level 10 in Polearms
  6908 | D:7      | Reached XP level 9. HP: 47/59 MP: 10/10
  6973 | D:7      | Identified the +1 chain mail of Eternity {rF+ Dex+2 Slay-4} (You found it on level 7 of the Dungeon)
  7013 | D:7      | Reached *** piety under Cheibriados
  7196 | D:7      | Found a basalt altar of Yredelemnul.
  7206 | D:7      | Found a staircase to the Ecumenical Temple.
  7213 | Temple   | Entered the Ecumenical Temple
  7922 | D:3      | Killed Edmund
  8438 | D:8      | Noticed a two-headed ogre
  8452 | D:8      | Killed a two-headed ogre
  8452 | D:8      | Reached skill level 11 in Polearms
  8654 | D:8      | Learned a level 3 spell: Regeneration
  8747 | D:8      | Found Exkeufun's Jewellery Shoppe.
  8904 | D:8      | Reached **** piety under Cheibriados
  8936 | D:8      | Found a shadowy altar of Dithmenos.
  8944 | D:8      | Noticed a two-headed ogre
  9060 | D:6      | Killed from afar by asdguy00's ghost

Vault maps used:
D:1:      dpeg_arrival_radiant
D:3:      minmay_misc_feat_encased
D:4:      kennysheep_slug_shrine, kennysheep_mini_moat, kennysheep_mini,
          first_bread, hangedman_minor_gate_pass, uniq_edmund
D:5:      zin_statuary, gammafunk_temple_overflow_pools,
          serial_co_window_serial, co_window_of_opportunity_a,
          co_window_cross_1, co_window_paths_b, co_window_of_opportunity_a,
          co_window_paths_a, co_window_broadway_c, co_window_broadway_a,
          co_window_2corner, co_window_4corner_b, basic_altar, xom_teletrap_fun,
          uniq_crazy_yiuf_cottage, uniq_pikel
D:6:      makhleb_heckhound_becter, serial_shops, shop, nicolae_shop_trees,
          nicolae_shop_overgrown_old_shop, shop, shop
D:7:      fiery_altar_vehumet, lemuel_round_altar, minmay_temple_entry_junction,
          serial_curves, eino_curves_04, eino_curves_01
D:8:      nicolae_dithmenos_through_a_glass_darkly, serial_bayou,
          serial_bayou_ford_a, serial_bayou_pond_e, serial_bayou_shore_b,
          serial_bayou_shore_b, serial_shops, nicolae_shop_stone
Temple:   minmay_temple_forest_path

Skill      XL: |  1  2  3  4  5  6  7  8  9 |
---------------+----------------------------+-----
Stealth        | 2 |  2.9
Spellcasting   | 1 3 |  3.0
Polearms       | 1 2 4 5 7 10 11 | 11.7
Transmutations | 1 2 |  2.2
Invocations    | 1 3 |  3.8
Fighting       | |  1.2
Short Blades   | |  1.1
Dodging        | |  1.1
Shields        | |  1.1
Necromancy     | |  0.1
Earth Magic    | |  3.0
Evocations     | |  1.1

Action                   |  1- 3 |  4- 6 |  7- 9 || total
-------------------------+-------+-------+-------++-------
Melee: Dagger            |    50 |     1 |       ||    51
       Whip              |    62 |       |       ||    62
       Trident           |    40 |   227 |   414 ||   681
Throw: Stone             |     3 |    39 |    34 ||    76
 Cast: Sandblast         |    14 |    12 |    14 ||    40
       Passwall          |       |       |    11 ||    11
       Corpse Rot        |       |       |     2 ||     2
 Abil: Hop               |     2 |     6 |     5 ||    13
Evoke: Wand              |       |     1 |       ||     1
  Use: Potion            |     2 |     1 |     4 ||     7
       Scroll            |     2 |     6 |    13 ||    21
 Stab: Sleeping          |     5 |     7 |     7 ||    19
       Distracted        |       |     1 |     2 ||     3
  Eat: Bread ration      |     1 |       |     1 ||     2
       Chunk             |     1 |     6 |     7 ||    14
       Royal jelly       |       |     1 |     1 ||     2
Armor: Robe              |    32 |       |       ||    32
       Skin              |     5 |       |       ||     5
       Ring mail         |     2 |    10 |    73 ||    85
       Leather armour    |     4 |    13 |       ||    17
Dodge: Dodged            |    95 |   131 |   197 ||   423
